 Dungeon Crawl Stone Soup version 0.30-a0-368-g86fb4627a9 (webtiles) character file.

Game seed: 17421262253430451633

78486 Bnni the Impaler (level 16, -17/136 HPs)
             Began as a Formicid Fighter on Nov 19, 2022.
             Was a Priest of Yredelemnul.
             Killed from afar by a deep elf zephyrmancer (21 damage)
             ... with a bolt of lightning
             ... on level 1 of the Elven Halls.
             The game lasted 01:01:47 (21588 turns).

Bnni the Impaler (Formicid Fighter)                Turns: 21588, Time: 01:01:50

Health: -17/136    AC: 22    Str: 26    XL:     16   Next: 8%
Magic:  26/26      EV:  7    Int: 11    God:    Yredelemnul [***...]
Gold:   1615       SH:  8    Dex: 13    Spells: 15/15 levels left

rFire   + . .      SeeInvis +    P - +8 trident of Conscience {flame, rF++ rC- rN+ Stlth+}
rCold   . . .      Faith    +    Z - +2 buckler
rNeg    + . .      Spirit   .    t - +2 plate armour {rPois}
rPois   +          Reflect  .    (helmet unavailable)
rElec   .          Harm     .    y - +0 cloak
rCorr   .          Rampage  .    K - +0 pair of gloves of the Queen of Cups {Slay+3}
Will    +....                    (no boots)
Stlth   ..........               f - amulet of faith
HPRegen 0.42/turn                k - +4 ring of protection
MPRegen 0.20/turn                x - ring of ice

@: no status effects
A: permanent stasis, dig shafts and tunnels, antennae 3, four strong arms
a: Dig, Shaft Self, Renounce Religion, Recall Undead Harvest, Dark Bargain


You were on level 1 of the Elven Halls.
You worshipped Yredelemnul.
Yredelemnul was pleased with you.
You visited 5 branches of the dungeon, and saw 23 of its levels.
You also visited: Ossuary.

You collected 2320 gold pieces.
You spent 705 gold pieces at shops.

Inventory:

Hand Weapons
 P - the +8 trident of Conscience (weapon) {flame, rF++ rC- rN+ Stlth+}
   (You found it on level 5 of the Lair of Beasts)

   It burns those it strikes, dealing additional fire damage.
   rF:        It greatly protects you from fire.
   rC:        It makes you vulnerable to cold.
   rN:        It protects you from negative energy.
   Stlth:     It makes you more stealthy.
Missiles
 b - 14 poisoned darts (quivered)
 g - 2 throwing nets
 j - 2 curare-tipped darts
 X - 7 silver javelins
Armour
 t - a +2 plate armour of poison resistance (worn)
 y - a +0 cloak (worn)
 K - the +0 pair of gloves of the Queen of Cups (worn) {Slay+3}
   (You acquired it on level 8 of the Dungeon)

   Slay:      It affects your accuracy & damage with ranged weapons and melee
   (+3).
 Z - a +2 buckler (worn)
Jewellery
 f - an amulet of faith (around neck)
 k - a +4 ring of protection (left hand)
 o - a +4 ring of evasion
 x - a ring of ice (right hand)
 I - an amulet of reflection
 M - a ring of protection from fire
Wands
 p - a wand of polymorph (8)
 C - a wand of flame (45)
 F - a wand of digging (13)
 N - a wand of mindburst (5)
 O - a wand of roots (10)
 T - a wand of paralysis (15)
 V - a wand of quicksilver (1)
Scrolls
 d - 3 scrolls of enchant armour
 e - 6 scrolls of vulnerability
 h - 3 scrolls of fear
 r - 6 scrolls of fog {unknown}
 s - 6 scrolls of poison
 u - 5 scrolls of amnesia {unknown}
 z - 3 scrolls of magic mapping
 G - 5 scrolls of enchant weapon
 J - 4 scrolls of immolation
Potions
 a - 3 potions of mutation
 i - 13 potions of curing
 l - 4 potions of lignification
 m - 3 potions of resistance
 n - 5 potions of might
 q - 4 potions of cancellation
 v - a potion of brilliance
 A - 4 potions of attraction
 B - 2 potions of ambrosia
 D - 4 potions of flight
 E - 2 potions of magic
 H - 7 potions of invisibility
 W - 4 potions of heal wounds
Miscellaneous
 R - a phantom mirror
 S - a box of beasts


   Skills:
 + Level 15.1 Fighting
 * Level 19.0 Polearms
 + Level 8.8 Armour
 + Level 7.1 Shields
 + Level 13.6 Invocations


You had 15 spell levels left.
You didn't know any spells.
Your spell library contained the following spells:

 Spells                   Type           Power      Damage    Failure   Level
 Apportation              Tloc           0%         N/A       99%         1
 Foxfire                  Conj/Fire      0%         2x1d4     99%         1
 Necrotise                Necr           0%         1d4       99%         1
 Sandblast                Erth           0%         2d4       99%         1
 Shock                    Conj/Air       0%         1d3       99%         1
 Slow                     Hex            0%         N/A       99%         1
 Summon Small Mammal      Summ           0%         N/A       99%         1
 Ensorcelled Hibernation  Hex/Ice        0%         N/A       100%        2
 Momentum Strike          Conj/Tloc      0%         3d8       100%        2
 Passwall                 Tmut/Erth      0%         N/A       100%        2
 Call Canine Familiar     Summ           0%         N/A       100%        3
 Confusing Touch          Hex            0%         N/A       100%        3
 Dazzling Flash           Conj/Hex       0%         N/A       100%        3
 Gell's Gravitas          Tloc           0%         N/A       100%        3
 Inner Flame              Hex/Fire       0%         N/A       100%        3
 Lesser Beckoning         Tloc           0%         N/A       100%        3
 Portal Projectile        Hex/Tloc       0%         N/A       100%        3
 Stone Arrow              Conj/Erth      0%         3d7       100%        3
 Teleport Other           Tloc           0%         N/A       100%        3
 Vampiric Draining        Necr           0%         2d6       100%        3
 Airstrike                Air            0%         2d(0-16)  100%        4
 Cause Fear               Hex            0%         N/A       100%        4
 Flame Wave               Conj/Fire      0%         2d4       100%        4
 Leda's Liquefaction      Hex/Erth       0%         N/A       100%        4
 Petrify                  Tmut/Erth      0%         N/A       100%        4
 Sticky Flame             Conj/Fire      0%         2d3       100%        4
 Agony                    Necr           0%         N/A       100%        5
 Alistair's Intoxication  Tmut/Pois      0%         N/A       100%        5
 Blade Hands              Tmut           0%         N/A       100%        5
 Borgnjor's Vile Clutch   Necr/Erth      0%         N/A       100%        5
 Fireball                 Conj/Fire      0%         3d3       100%        5
 Irradiate                Conj/Tmut      0%         3d11      100%        5
 Silence                  Hex/Air        0%         N/A       100%        5
 Summon Mana Viper        Hex/Summ       0%         N/A       100%        5
 Eringya's Noxious Bog    Tmut/Pois      0%         N/A       100%        6
 Starburst                Conj/Fire      0%         6d3       100%        6
 Dragon Form              Tmut           0%         N/A       100%        7
 Discord                  Hex            0%         N/A       100%        8
 Death's Door             Necr           0%         N/A       100%        9
 Blink                    Tloc           Unusable   N/A       N/A         2
 Swiftness                Air            Unusable   N/A       N/A         3
 Simulacrum               Ice/Necr       Unusable   N/A       N/A         6

Dungeon Overview and Level Annotations

Branches:
Dungeon (14/15)            Temple (1/1) D:5            Lair (5/5) D:10
 Shoals (0/4) Lair:2        Snake (0/4) Lair:3        Slime (0/5) Lair:5
    Orc (2/2) D:11            Elf (1/3) Orc:2        Vaults (0/5) D:13
Ossuary (visited)

Altars:
Ashenzari
Cheibriados
Dithmenos
Elyvilon
Fedhas
Gozag
Hepliaklqana
Makhleb
Nemelex Xobeh
Qazlal
Ru
Sif Muna
Trog
Uskayaw
Vehumet
Wu Jian
Xom
Yredelemnul
Zin
Jiyva

Shops:
D:1 *=   Orc:2 [:?=(


Innate Abilities, Weirdness & Mutations

You cannot be hasted, slowed, berserked, paralysed or teleported.
You can dig through walls and to a lower floor.
You have a pair of large antennae on your head. (SInv)
Your four strong arms can wield two-handed weapons with a shield.


Message History

The deep elf zephyrmancer is almost dead.
The +1 short sword of flaming hits your bound seven-headed hydra!
The +1 short sword of flaming burns your bound seven-headed hydra.
The deep elf zephyrmancer mumbles some strange words.
The deep elf zephyrmancer blinks!
Your bound seven-headed hydra bites the +1 short sword of flaming! x2
The +1 short sword of flaming falls from the air.
You swap places.
Unknown command.
You puncture the deep elf zephyrmancer! You burn the deep elf zephyrmancer.
The deep elf zephyrmancer is moderately wounded.
Unknown command.
You miss the deep elf zephyrmancer.
The deep elf zephyrmancer is moderately wounded.
The deep elf zephyrmancer gestures at you while chanting.
The bolt of lightning hits you!!
The bolt of lightning hits your bound seven-headed hydra!! x2
The bolt of lightning hits you!
You hear a shout! x2
You puncture the deep elf zephyrmancer! You burn the deep elf zephyrmancer.
The deep elf zephyrmancer is severely wounded.
A deep elf pyromancer comes into view. It is wielding a +0 rapier.
The deep elf zephyrmancer gestures at you while chanting.
The bolt of lightning hits you!!
The bolt of lightning hits your bound seven-headed hydra!! x2
Your bound seven-headed hydra is destroyed!
The bolt of lightning hits you!
* * * LOW HITPOINT WARNING * * *
Your deep elf zephyrmancer zombie hits the deep elf zephyrmancer.
You hear a shout!
You can no longer drain ambient life force.
You are too injured to fight recklessly!
Unknown command.
You swap places.
The deep elf zephyrmancer points at you and mumbles some strange words.
The bolt of lightning hits you!!
* * * LOW HITPOINT WARNING * * *
The bolt of lightning hits you!!
You die...
Your body rises from the dead as a mindless zombie.

##.).?### {
##..#### ##
##...##### ...
#..#Z#...# #.#.
#..Z)#.#.# #...
#..#)##...####...
##.#..(#.#e..#.#.#
# #.#)....#Z))..#{
#...#Z#Z@Z##+##{
####...##e#
#.#.#.e.+
#(..#.#.# #####.
e# .# #. . .# ..
..


You could see a deep elf knight, a deep elf pyromancer, 2 deep elf
zephyrmancers, a friendly deep elf knight zombie, a friendly deep elf pyromancer
zombie and a friendly deep elf zephyrmancer zombie.

Vanquished Creatures
  Jorgrun (D:13)
  Snorg (D:12)
  The ghost of Jano the Cleaver, a journeyman DsBe of Trog (Orc:1)
  The ghost of Necrophagist the Protected, a journeyman GrFE of Vehumet (Lair:5)
  A catoblepas (Lair:4)
  A merfolk avatar (Lair:5)
  A centaur warrior (D:14)
  Erica (Lair:1)
  7 two-headed ogres
  3 boulder beetles
  A dancing weapon (Elf:1)
  2 ogre magi (Orc:2)
  A deep elf knight (Elf:1)
  A sea snake (Lair:5)
  Pikel (D:5)
  A wizard (D:10)
  A deep elf zephyrmancer (Elf:1)
  An orc knight (Orc:2)
  A deep elf pyromancer (D:11)
  3 ugly things
  2 cyclopes
  A manticore (Lair:2)
  6 elephants
  2 black mambas (Lair:3)
  A cane toad (Lair:5)
  Joseph (D:8)
  Maurice (D:8)
  2 torpor snails (Lair:4)
  3 gargoyles
  2 rime drakes (Lair:4)
  A kobold demonologist (D:11)
  6 komodo dragons
  4 hornets
  3 polar bears
  A slime creature (D:13)
  Prince Ribbit (D:7)
  3 blink frogs
  5 dream sheep (Lair:2)
  A shadow (D:10)
  2 spriggans
  A vampire (D:14)
  A wraith (D:12)
  22 yaks
  2 wyverns
  8 humans (D:13)
  3 basilisks
  A steam dragon (Lair:5)
  4 vampire mosquitoes (D:12)
  Menkaure (D:4)
  2 wargs (Orc:2)
  An acid dragon (D:9)
  9 water moccasins
  3 black bears
  16 orc warriors
  3 sky beasts
  12 ogres
  29 wolves
  2 centaurs
  A phantom (D:4)
  3 kobold brigands
  10 bullfrogs
  Blork the orc (D:4)
  10 scorpions
  A necrophage (D:4)
  8 wights
  6 killer bees (D:9)
  An electric eel (D:10)
  4 howler monkeys
  6 centaur zombies (Ossuary)
  2 jellies
  14 orc priests
  2 hounds
  2 human zombies (Ossuary)
  Crazy Yiuf (D:5)
  Ijyb (D:4)
  Terence (D:2)
  4 scorpion zombies (Ossuary)
  2 iguanas
  17 orc wizards
  3 mummies (Ossuary)
  Robin (D:4)
  6 gnolls
  9 adders
  A worm zombie (D:4)
  5 worms
  5 dart slugs
  75 orcs
  9 ball pythons
  4 bats
  5 endoplasms
  2 giant cockroaches (D:2)
  18 goblins
  7 hobgoblins
  3 jackals (D:2)
  6 quokkas
  5 frilled lizards
  A gnoll zombie (Ossuary)
  A goblin zombie (Ossuary)
  A hobgoblin zombie (Ossuary)
  8 kobolds
  5 kobold zombies (Ossuary)
  5 orc zombies (Ossuary)
  8 rats
  A butterfly (Lair:2)
490 creatures vanquished.

Vanquished Creatures (collateral kills)
  3 centaur warriors
  3 hydras
  2 ogre magi (Orc:2)
  12 two-headed ogres
  2 dancing weapons (Elf:1)
  A boulder beetle (Lair:5)
  The ghost of Drevant2 the Zephyrmancer, a novice DsWn of Nemelex Xobeh (Lair:1)
  A sea snake (Lair:5)
  A deep elf zephyrmancer (Elf:1)
  A deep elf pyromancer (Elf:1)
  2 elephants (Lair:3)
  2 black mambas
  A cane toad (Lair:5)
  2 rime drakes (Lair:5)
  2 komodo dragons (Lair:5)
  A troll (D:13)
  3 meliai (D:14)
  A hornet (Lair:3)
  4 polar bears
  2 slime creatures
  2 blink frogs (Lair:1)
  4 wind drakes
  A dream sheep (Lair:2)
  2 snapping turtles (Lair:5)
  A spriggan (Lair:5)
  A water elemental (Elf:1)
  A wraith (D:9)
  23 yaks
  8 humans (D:13)
  2 basilisks
  2 steam dragons
  9 water moccasins
  4 orc warriors
  18 ogres
  4 centaurs
  11 wolves
  A necrophage (D:7)
  3 howler monkeys
  2 jellies (Lair:1)
  4 orc priests
  An iguana (D:6)
  3 orc wizards
  An adder (D:6)
  A shadow imp (D:7)
  15 orcs
  3 training dummies (Orc:2)
  A kobold (D:9)
  A rat (D:10)
  8 bushes
  A butterfly (Lair:2)
185 creatures vanquished.

Vanquished Creatures (others)
  A spectral elephant slug (Lair:5)
  A spectral hydra (Elf:1)
  An ugly thing zombie (D:13)
  A slime creature (D:13)
  2 meliai zombies (D:14)
  A wind drake zombie (Lair:5)
  5 two-headed ogre zombies
  A water moccasin (Lair:5)
  An elf zombie (D:11)
  A dream sheep zombie (Lair:2)
  2 vampire mosquito zombies (D:12)
  7 water moccasin zombies
  A warg zombie (Orc:2)
  8 yak zombies
  8 wolf zombies
  A bullfrog zombie (D:8)
  2 centaur zombies
  5 human zombies (D:13)
  A black bear zombie (D:7)
  4 killer bee zombies (D:9)
  7 ogre zombies (Orc:2)
  2 howler monkey zombies (D:8)
  A steam dragon zombie (D:10)
  An orc (D:9)
  7 kobold zombies
  37 orc zombies
  68 fungi
  87 plants
264 creatures vanquished.

Grand Total: 939 creatures vanquished

Notes
Turn   | Place    | Note
-------+----------+-------------------------------------------
     0 | D:1      | Bnni the Formicid Fighter began the quest for the Orb.
     0 | D:1      | Reached XP level 1. HP: 18/18 MP: 1/1
    77 | D:1      | Reached XP level 2. HP: 24/24 MP: 2/2
    80 | D:1      | Found Jievuf Xud's Jewellery Shoppe.
    80 | D:1      | Found Yzoipn's General Store.
   104 | D:1      | Found Komaq's Magic Scroll Emporium.
   420 | D:1      | Reached XP level 3. HP: 29/29 MP: 3/3
   696 | D:2      | Reached skill level 3 in Polearms
   699 | D:2      | Reached XP level 4. HP: 13/37 MP: 4/4
   874 | D:2      | Found a glowing silver altar of Zin.
   911 | D:2      | Noticed Terence
   918 | D:2      | Killed Terence
   919 | D:2      | Reached skill level 5 in Shields
   919 | D:2      | Reached XP level 5. HP: 42/42 MP: 5/5
  1393 | D:2      | Reached skill level 4 in Polearms
  1837 | D:3      | Noticed a +0 dagger
  1839 | D:3      | Found a hide-covered altar of Uskayaw.
  1839 | D:3      | Noticed a +0 hand axe
  1966 | D:3      | Reached XP level 6. HP: 49/49 MP: 6/6
  1987 | D:3      | Found an ornate altar of the Wu Jian Council.
  2224 | D:4      | Found a sand-covered staircase.
  2291 | Ossuary  | Entered an ossuary
  2319 | Ossuary  | Reached skill level 5 in Polearms
  2335 | Ossuary  | Reached skill level 5 in Fighting
  2478 | Ossuary  | Reached XP level 7. HP: 55/56 MP: 7/7
  2529 | Ossuary  | Reached skill level 6 in Polearms
  2680 | Ossuary  | Reached XP level 8. HP: 61/64 MP: 8/8
  2712 | Ossuary  | Reached skill level 7 in Polearms
  2980 | D:4      | Reached skill level 8 in Polearms
  3192 | D:4      | Noticed Ijyb
  3200 | D:4      | Killed Ijyb
  3472 | D:4      | Noticed Robin
  3522 | D:4      | Killed Robin
  3603 | D:4      | Noticed Blork the orc
  3608 | D:4      | Killed Blork the orc
  3609 | D:4      | Reached XP level 9. HP: 68/71 MP: 9/9
  3659 | D:4      | Noticed Menkaure
  3670 | D:4      | Killed Menkaure
  3671 | D:4      | Reached skill level 9 in Polearms
  3917 | D:5      | Entered Level 5 of the Dungeon
  4007 | D:5      | Found a runed translucent door.
  4008 | D:5      | Noticed Crazy Yiuf
  4016 | D:5      | Killed Crazy Yiuf
  4363 | D:5      | Noticed Pikel
  4378 | D:5      | Killed Pikel
  4379 | D:5      | Reached skill level 10 in Polearms
  4718 | D:5      | Found a staircase to the Ecumenical Temple.
  4726 | Temple   | Entered the Ecumenical Temple
  4832 | Temple   | Became a worshipper of Yredelemnul the Dark
  4934 | D:6      | Reached * piety under Yredelemnul
  4936 | D:6      | Reached ** piety under Yredelemnul
  4939 | D:6      | Reached XP level 10. HP: 80/82 MP: 10/10
  4978 | D:6      | Reached *** piety under Yredelemnul
  5076 | D:6      | Reached **** piety under Yredelemnul
  5077 | D:6      | Reached skill level 11 in Polearms
  5147 | D:6      | Reached skill level 1 in Invocations
  5457 | D:6      | Reached ***** piety under Yredelemnul
  5772 | D:7      | Found a snail-covered altar of Cheibriados.
  6137 | D:7      | Noticed Prince Ribbit
  6153 | D:7      | Killed Prince Ribbit
  6580 | D:8      | Identified a scroll of acquirement
  6581 | D:8      | Acquired the +0 pair of gloves of the Queen of Cups
                  | {Slay+3}
  6669 | D:8      | Noticed a red ugly thing
  6679 | D:8      | Killed a red ugly thing
  6680 | D:8      | Reached skill level 12 in Polearms
  6820 | D:8      | Noticed Maurice
  6826 | D:8      | Killed Maurice
  6934 | D:8      | Reached skill level 10 in Fighting
  7159 | D:8      | Reached XP level 11. HP: 68/90 MP: 14/14
  7249 | D:8      | Reached skill level 5 in Invocations
  7415 | D:8      | Noticed Joseph
  7433 | D:8      | Killed Joseph
  8114 | D:9      | Reached skill level 13 in Polearms
  8350 | D:9      | Reached ****** piety under Yredelemnul
  8773 | D:10     | Entered Level 10 of the Dungeon
  8787 | D:10     | Found a broken altar of Ashenzari.
  8896 | D:10     | Noticed a wizard
  8923 | D:10     | Killed a wizard
  8960 | D:10     | Found a staircase to the Lair.
  8963 | D:10     | Noticed a two-headed ogre
  8972 | D:10     | Killed a two-headed ogre
  9345 | D:10     | Found a shimmering altar of Xom.
  9424 | D:10     | Found a white marble altar of Elyvilon.
  9502 | D:10     | Got the Tome of Transfiguration and the Mortuary
  9795 | D:11     | Noticed a soul eater
  9816 | D:11     | Reached XP level 12. HP: 37/100 MP: 17/17
 10051 | D:11     | Reached skill level 14 in Polearms
 10557 | D:1      | Bought a +2 plate armour of poison resistance for 518 gold
                  | pieces
 10557 | D:1      | Bought a potion of curing for 42 gold pieces
 10790 | D:11     | Found a staircase to the Orcish Mines.
 10795 | D:11     | Identified the +7 short sword of Beogh's Delight {venom,
                  | rN+ Str+6 Dex-5 Stlth+}
 10997 | D:11     | Got Viapuwe's Treatise on Jinxing
 11142 | D:12     | Noticed Snorg
 11158 | D:12     | Killed Snorg
 11690 | D:12     | Noticed a two-headed ogre
 11699 | D:12     | Killed a two-headed ogre
 12249 | D:12     | Noticed a boulder beetle
 12263 | D:12     | Killed a boulder beetle
 12400 | D:13     | Noticed Urug
 12400 | D:13     | Noticed a two-headed ogre
 12400 | D:13     | Noticed a centaur warrior
 12400 | D:13     | Noticed a two-headed ogre
 12400 | D:13     | Found a gate to the Vaults.
 12522 | D:13     | Noticed a boulder beetle
 12532 | D:13     | Killed a boulder beetle
 12533 | D:13     | Reached skill level 15 in Polearms
 12556 | D:13     | Noticed Jorgrun
 12577 | D:13     | Killed Jorgrun
 12603 | D:13     | Killed a two-headed ogre
 12604 | D:13     | Reached XP level 13. HP: 81/109 MP: 20/20
 12701 | D:13     | Killed a centaur warrior
 12856 | D:13     | Reached skill level 10 in Invocations
 12900 | D:13     | Noticed a centaur warrior
 12907 | D:13     | Killed Urug
 12907 | D:13     | Enslaved Urug
 12911 | D:13     | Killed a centaur warrior
 12917 | D:13     | Reached skill level 16 in Polearms
 13381 | D:13     | Found a glowing silver altar of Zin.
 13811 | D:14     | Noticed a centaur warrior
 13820 | D:14     | Killed a centaur warrior
 13969 | D:14     | Noticed a centaur warrior
 13970 | D:14     | Noticed an eight-headed hydra
 13970 | D:14     | Noticed a centaur warrior
 13974 | D:14     | Noticed a four-headed hydra
 13978 | D:14     | Killed a centaur warrior
 13981 | D:14     | Killed an eight-headed hydra
 14337 | Lair:1   | Entered Level 1 of the Lair of Beasts
 14350 | Lair:1   | Identified the +1 scale mail of the Pleiades {*Slow +Inv
                  | rC+ Regen+}
 14415 | Lair:1   | Noticed Erica
 14424 | Lair:1   | Killed Erica
 14540 | Lair:1   | Noticed an eight-headed hydra
 14547 | Lair:1   | Killed a four-headed hydra
 14781 | Lair:1   | Reached XP level 14. HP: 118/118 MP: 22/22
 14962 | Lair:1   | Found a runed translucent gate.
 14964 | Lair:1   | Found a runed translucent gate.
 14964 | Lair:1   | Found a runed translucent gate.
 14965 | Lair:1   | Noticed Drevant2's ghost (novice DsWn)
 14968 | Lair:1   | Found a viscous altar of Jiyva.
 14983 | Lair:1   | Killed Drevant2's ghost
 15656 | Lair:2   | Noticed Gastronok
 15669 | Lair:2   | Reached skill level 5 in Armour
 15702 | Lair:2   | Killed Gastronok
 15702 | Lair:2   | Enslaved Gastronok
 15705 | Lair:2   | Reached skill level 17 in Polearms
 16086 | Lair:2   | Identified the +8 dagger of Sixi {drain, Fly}
 16254 | Lair:2   | Found a staircase to the Shoals.
 16667 | Lair:3   | Found a staircase to the Snake Pit.
 17202 | Lair:3   | You fall into a shaft and drop 2 floors!
 17202 | Lair:5   | Entered Level 5 of the Lair of Beasts
 17299 | Lair:5   | Your ally Gastronok died
 17313 | Lair:5   | Reached XP level 15. HP: 120/127 MP: 14/24
 17314 | Lair:5   | Reached skill level 18 in Polearms
 17648 | Lair:5   | Found a viscous altar of Jiyva.
 17649 | Lair:5   | Found a staircase to the Slime Pits.
 17769 | Lair:5   | Found a runed translucent door.
 17770 | Lair:5   | Noticed Necrophagist's ghost (journeyman GrFE)
 17775 | Lair:5   | Identified the +4 spear of Impatience {vorpal, Str+5}
 17820 | Lair:5   | Killed Necrophagist's ghost
 18308 | Lair:5   | Identified the +8 trident of Conscience {flame, rF++ rC-
                  | rN+ Stlth+}
 20015 | Orc:1    | Entered Level 1 of the Orcish Mines
 20169 | Orc:1    | Found a runed translucent door.
 20170 | Orc:1    | Noticed Jano's ghost (journeyman DsBe)
 20185 | Orc:1    | Killed Jano's ghost
 20387 | Orc:2    | Entered Level 2 of the Orcish Mines
 20510 | Orc:2    | Found Naaregga's Firing Range.
 20515 | Orc:2    | Bought 6 datura-tipped darts for 31 gold pieces
 20515 | Orc:2    | Bought a throwing net for 39 gold pieces
 20655 | Orc:2    | Found a staircase to the Elven Halls.
 20810 | Orc:2    | Found Wuifa's Magic Scroll Emporium.
 20810 | Orc:2    | Found Buoddar's Jewellery Shop.
 20825 | Orc:2    | Found Tesho's Armour Boutique.
 20825 | Orc:2    | Found Room's Book Emporium.
 20837 | Orc:2    | Reached skill level 15 in Fighting
 20971 | Orc:2    | Bought a scroll of enchant armour for 75 gold pieces
 21376 | Elf:1    | Entered Level 1 of the Elven Halls
 21454 | Elf:1    | Reached XP level 16. HP: 93/136 MP: 26/26
 21578 | Elf:1    | Reached skill level 19 in Polearms
 21588 | Elf:1    | HP: 4/136 [deep elf zephyrmancer/bolt of lightning (27)]
 21588 | Elf:1    | Killed from afar by a deep elf zephyrmancer

Illustrated notes

Levels and vault maps discovered:
D:1:      erik_arrival_blinker_ship, layout_loops_ring, serial_glass,
          glass_columns_b, glass_columns_c, glass_columns_c, glass_columns_a,
          glass_columns_a, glass_columns_a, serial_shops, nicolae_diamond_shop,
          nicolae_shop_crystal, shop
D:2:      minmay_spotlight, layout_loops_ring, basic_altar, uniq_terence
D:3:      layout_loops_cross, dancing_weapons_uskayaw, old_standard_altar
D:4:      layout_loops_cross, enter_ossuary_3, uniq_menkaure, uniq_ijyb,
          uniq_robin, uniq_blork_the_orc
D:5:      layout_loops_ring, minmay_temple_entry_nine_rooms, amethyst_killhole,
          uniq_pikel, uniq_crazy_yiuf_cottage
D:6:      layout_basic
D:7:      layout_basic, kennysheep_slug_shrine, nrook_pool_corridor,
          chequers_serial_rivers_micro_a, uniq_prince_ribbit1
D:8:      layout_basic, minmay_misc_feat_four_crosses, uniq_joseph, uniq_maurice
D:9:      layout_small_grid, special_room [special_room_orc]
D:10:     cheibrodos_wizards_tower, layout_basic, tgw_xom, elyvilon_altar_1,
          evilmike_ruin_ashenzari
D:11:     layout_loops_ring, david_orc_4
D:12:     layout_gridville, uniq_snorg
D:13:     layout_big_octagon, david_vaults_3, zin_treasury, uniq_jorgrun
D:14:     layout_long_grid, kennysheep_donut, minmay_mirror_moons_of_madness
Temple:   regret_index_temple_sphere_string
Lair:1:   layout_cave_pods, gammafunk_ghost_ooze,
          chequers_serial_rivers_small_3, uniq_erica
Lair:2:   layout_roguey, minmay_shoals_entry_beasts, grunt_megastairs_1,
          lemuel_fruit_fields, uniq_gastronok
Lair:3:   layout_cave_pods, minmay_snake_entry_six_corridors,
          grunt_forest_large_clearings
Lair:4:   layout_regular_city
Lair:5:   gammafunk_lair_ancient_temple, layout_loops_ring, slime_entry_1,
          ebering_ghost_funeral_grove, minmay_hedge_maze, nzn_sisyphean_effort
Orc:1:    layout_caves, ebering_ghost_inner_flame
Orc:2:    st_orc_ogre_mass, layout_diamond_mine, basic_altar,
          nicolae_shop_firing_range
Elf:1:    layout_geoelf_grid, hangedman_elven_crosses_minicolossus, minivault_8,
          lemuel_upstairs_altar

Skill      XL: |  1  2  3  4  5  6  7  8  9 10 11 12 13 14 15 16 |
---------------+-------------------------------------------------+-----
Polearms       | 3 4 5 6 8 10 12 13 15 16 17 18 19 | 19.0
Fighting       | 4 5 6 7 8 10 11 12 13 14 15 | 15.1
Shields        | 5 7 |  7.1
Invocations    | 4 7 9 11 12 13 | 13.6
Armour         | 4 7 8 |  8.8

Action                   |  1- 3 |  4- 6 |  7- 9 | 10-12 | 13-15 | 16-18 || total
-------------------------+-------+-------+-------+-------+-------+-------++-------
Melee: Trident           |    42 |   211 |   397 |   510 |   201 |    13 ||  1374
       Halberd           |       |       |       |   163 |   426 |       ||   589
       Scimitar          |       |       |       |       |     5 |       ||     5
Throw: Dart              |       |     2 |    14 |    15 |     3 |       ||    34
       Throwing net      |       |     2 |       |       |       |       ||     2
Invok: Recall Undead Har |       |       |       |     7 |    19 |       ||    26
       Drain Life        |       |       |       |     1 |    13 |       ||    14
       Dark Bargain      |       |       |       |     1 |    10 |       ||    11
       Bind Soul         |       |       |       |       |     5 |       ||     5
 Abil: Dig               |       |       |     2 |     2 |     3 |       ||     7
Evoke: Wand              |       |       |     2 |       |     1 |       ||     3
       Phantom mirror    |       |       |       |       |     1 |       ||     1
  Use: Potion            |     1 |       |       |     1 |     9 |       ||    11
       Scroll            |       |     6 |     6 |     7 |    14 |       ||    33
 Stab: Distracted        |       |       |       |     6 |    11 |       ||    17
       Invisible         |       |       |       |       |     5 |       ||     5
Armor: Scale mail        |    15 |    26 |       |       |       |       ||    41
       Chain mail        |       |    46 |   181 |    49 |       |       ||   276
       Plate armour      |       |       |       |   138 |   259 |     2 ||   399
Dodge: Dodged            |     8 |    89 |   187 |   160 |   202 |       ||   646
Block: Buckler           |     3 |    40 |    91 |    69 |    99 |     3 ||   305

Table legend: (Time is in decaauts)
 A = Elapsed time spent in this place.
 B = Non-inter-level travel time spent in this place.
 C = Inter-level travel time spent in this place.
 D = Time resting spent in this place.
 E = Time spent auto-exploring this place.
 F = Levels seen in this place.
 G = Mean time per level.
                   A        B        C        D        E       F      G
               +--------+--------+--------+--------+--------+-----+--------+
         Total |  21207 |  20079 |   1128 |   2181 |  13864 |  24 |  883.6 |
       Dungeon |  13376 |  12577 |    799 |   1504 |   8526 |  14 |  955.4 |
        Temple |    122 |    107 |     15 |      0 |     89 |   1 |  122.0 |
          Lair |   5512 |   5275 |    237 |    470 |   3985 |   5 | 1102.4 |
  Orcish Mines |   1312 |   1236 |     76 |      0 |   1001 |   2 |  656.0 |
   Elven Halls |    202 |    202 |      0 |    103 |     54 |   1 |  202.0 |
       Ossuary |    680 |    680 |      0 |    104 |    209 |   1 |  680.0 |
               +--------+--------+--------+--------+--------+-----+--------+

Top non-repeatable levels by time:
  Lair:5: 1311 daAuts
    D:12: 1284 daAuts
    D:13: 1262 daAuts
  Lair:1: 1255 daAuts
     D:8: 1236 daAuts
    D:11: 1116 daAuts
  Lair:3: 1092 daAuts
     D:4: 1074 daAuts
    D:10: 1031 daAuts
     D:2: 1021 daAuts
     D:7: 1018 daAuts
     D:9: 1007 daAuts
  Lair:2: 956 daAuts
   Orc:2: 949 daAuts
  Lair:4: 896 daAuts
